 Dungeon Crawl Stone Soup version 0.29.1-15-g9cfb28693d (webtiles) character file.

Game seed: 1763581556808513963

42 Peloso the Trooper (level 3, 0/33 HPs)
             Began as a Minotaur Fighter on Apr 26, 2023.
             Succumbed to a gnoll's poison
             ... on level 2 of the Dungeon.
             The game lasted 00:02:22 (1349 turns).

Peloso the Trooper (Minotaur Fighter)               Turns: 1349, Time: 00:02:22

Health: 0/33       AC:  7    Str: 20    XL:     3   Next: 33%
Magic:  2/2        EV:  9    Int:  5    God:
Gold:   26         SH:  4    Dex: 11    Spells: 2/2 levels left

rFire   . . .      SeeInvis .   a - +0 long sword
rCold   . . .      Faith    .   c - +0 buckler
rNeg    . . .      Spirit   .   b - +0 scale mail
rPois   .          Reflect  .   (helmet restricted)
rElec   .          Harm     .   (no cloak)
rCorr   .          Rampage  .   (no gloves)
Will    .....                   (no boots)
Stlth   ..........              (no amulet)
HPRegen 0.11/turn               (no ring)
MPRegen 0.08/turn               (no ring)

@: lethally poisoned (0 -> -18)
A: horns 2, retaliatory headbutt
a: no special abilities


You were on level 2 of the Dungeon.
You visited 1 branch of the dungeon, and saw 2 of its levels.

You collected 26 gold pieces.

Inventory:

Hand Weapons
 a - a +0 long sword (weapon)
Armour
 b - a +0 scale mail (worn)
 c - a +0 buckler (worn)
Jewellery
 i - a ring of poison resistance
Scrolls
 f - 2 scrolls of blinking {unknown}
 g - a scroll of teleportation {unknown}
 j - 2 scrolls of butterflies {unknown}
 k - a scroll of immolation {unknown}
Potions
 d - a potion of might
 e - a potion of magic {unknown}
 h - a potion of resistance {unknown}


   Skills:
 + Level 4.2 Fighting
 + Level 2.9 Long Blades
 + Level 4.1 Armour
 + Level 4.1 Shields


You had 2 spell levels left.
You didn't know any spells.
Your spell library was empty.

Dungeon Overview and Level Annotations

Branches:
Dungeon (2/15)

Altars:


Innate Abilities, Weirdness & Mutations

You have a pair of horns on your head.
You reflexively headbutt those who attack you in melee.


Message History

You closely miss the bat. The bat hits you but does no damage.
A gnoll comes into view. It is wielding a +0 halberd of venom.
The gnoll shouts!
You block the bat's attack. The bat barely misses you.
The bat hits you but does no damage. The bat hits you but does no damage.
The bat completely misses you.
You barely miss the bat. The bat barely misses you. You furiously retaliate!
You headbutt the bat. The bat hits you but does no damage. x2
You slash the bat!
You kill the bat!
You see here a bat corpse.
You block the gnoll's attack.
The gnoll hits you from afar with a +0 halberd of venom.
You are poisoned.
You feel sick.
The gnoll hits you with a +0 halberd of venom!
You hit the gnoll.
You headbutt the gnoll, but do no damage.
The gnoll is moderately wounded.
You feel sick. You block the gnoll's attack.
You hit the gnoll but do no damage.
The gnoll is moderately wounded.
You feel sick. The gnoll hits you but does no damage.
You are more poisoned.
You hit the gnoll.
The gnoll is moderately wounded.
You feel sick.
The gnoll hits you with a +0 halberd of venom.
You are lethally poisoned!
The gnoll hits you with a +0 halberd of venom.
You are more poisoned.
You hit the gnoll.
The gnoll is heavily wounded.
* * * LOW HITPOINT WARNING * * *
You feel very sick. The gnoll barely misses you.
You hit the gnoll. Your headbutt misses the gnoll.
The gnoll is almost dead.
You die...

### #.# ..# #.#
#.# #.# #.#####.#
.. .##.##....#
#.#.##.##.####
#g#. #.##.# #[..
#.##.# # #..#
#@##.# # #.#..#
#g##.#
...##.#..###.##.#
#....(......†##.#
#..........[...>#
..###.###########
.. ##


You could see a gnoll.

Vanquished Creatures
  A gnoll (D:1)
  A worm (D:2)
  3 ball pythons
  A bat (D:2)
  3 endoplasms
  A goblin (D:1)
  5 hobgoblins (D:1)
  3 kobolds (D:1)
  3 quokkas (D:1)
  3 frilled lizards (D:1)
  3 rats (D:1)
27 creatures vanquished.

Notes
Turn   | Place    | Note
-------+----------+-------------------------------------------
     0 | D:1      | Peloso the Minotaur Fighter began the quest for the Orb.
     0 | D:1      | Reached XP level 1. HP: 19/19 MP: 0/0
   154 | D:1      | Reached XP level 2. HP: 7/27 MP: 1/1
   158 | D:1      | HP: 1/27 [poisoned by a kobold]
   811 | D:1      | Reached XP level 3. HP: 33/33 MP: 2/2
   973 | D:1      | Found a faded altar of an unknown god.
  1349 | D:2      | Succumbed to a gnoll's poison

Illustrated notes

Levels and vault maps discovered:
D:1:      dpeg_arrival_shrine, layout_loops_ring,
          chequers_ecumenical_altar_island, minmay_misc_feat_cross
D:2:      cheibrodos_pilgrimage, layout_loops_ring, hangedman_decor_opposing,
          uniq_sigmund

Skill      XL: |  1  2 |
---------------+-------+-----
Armour         | 4 |  4.1
Fighting       | 4 |  4.2
Shields        | 4 |  4.1
Long Blades    | |  2.9

Action                   || total
-------------------------++-------
Melee: Long sword        ||    70
       Headbutt          ||     9
Armor: Scale mail        ||    46
Dodge: Dodged            ||    27
Block: Buckler           ||    15
